Unix NetHack Version 3.7.0-102 Work-in-progress - last build Apr 6 2024 13:22:21 (d302a6a9ff6341f1a922d8f5af178406b35fdf99,branch:master). Game began 2024-04-13 05:47:13, ended 2024-04-13 05:49:44. Raisse, lawful female dwarven Archeologist - --. -- --- --.- --.- |.------..| |...---- --------------.........--- -...G.----..............).........--- ---..........---------------..........--- |........----- ---....%.......-- ... -.----..-- ---.................- |.G| |....^.)............| --h| |.......*.<.........- |r- ---....|...............- |. |..----.--..........-- -.. ---- |.| --..--.---- .. -.- -... . -... . ----- --G. .- --- --- Raisse the Digger St:12 Dx:12 Co:12 In:13 Wi:16 Ch:10 Lawful Dlvl:4 $:17 HP:0(15) Pw:1(1) AC:9 Xp:1/19 T:441 Latest messages: You kill the giant rat! You see here 9 runed arrows. You miss the gecko. You lash the gecko. The gecko bites! You miss the gecko. The gecko bites! You kill the gecko! You swap places with the peaceful gnome. You see here a gecko corpse. You swap places with the peaceful gnome. The kobold picks up a tripe ration. You see here 9 runed arrows. You see here a gecko corpse. There is a gecko corpse here; eat it? [ynq] (n) y This gecko corpse tastes terrible! You finish eating the gecko corpse. You miss the kobold. The kobold hits! You kill the kobold! u - a tripe ration. What do you want to adjust? [aej-lo-qs-uxAH or ?*] u Adjust letter to what [b-df-imnru-wyzB-GI-Z] (? see used letters)? T Moving: T - a tripe ration. An arrow shoots out at you! You are almost hit by an arrow. You swap places with the peaceful gnome lord. v - an orange gem. What do you want to use or apply? [alqtx or ?*] t What do you want to rub on the stone? [$v or ?*] v v - a worthless piece of orange glass. What do you want to drop? [$aej-lo-qstvxAHT or ?*] v You drop a worthless piece of orange glass. You miss the grid bug. The grid bug bites! You get zapped! You kill the grid bug! You miss the giant rat. The giant rat bites! You miss the giant rat. The giant rat bites! You miss the giant rat. The giant rat bites! You miss the giant rat. The giant rat bites! You miss the giant rat. The giant rat bites! You die... Do you want your possessions identified? [ynq] (y) y Do you want to see your attributes? [ynq] (y) q Inventory: Coins $ - 17 gold pieces Weapons a - an uncursed +2 bullwhip (weapon in right hand) Armor A - an uncursed +0 leather jacket (being worn) H - a blessed +0 fedora (being worn) Comestibles e - 6 uncursed food rations k - an uncursed tin of broiled newt meat p - an uncursed lichen corpse T - an uncursed tripe ration Scrolls o - an uncursed scroll of identify s - an uncursed scroll of light Potions j - a blessed potion of speed Tools l - an uncursed tinning kit (0:32) q - an uncursed skeleton key x - an uncursed sack containing 1 item Gems/Stones t - an uncursed touchstone Contents of the sack: an uncursed +0 pick-axe Raisse the Archeologist's attributes: Background: You were a Digger, a level 1 female dwarven Archeologist. You were lawful, on a mission for Quetzalcoatl who was opposed by Camaxtli (neutral) and Huhetotl (chaotic). You were right-handed. You were in the Gnomish Mines, on level 4. You entered the dungeon 441 turns ago. It was nighttime. You had 19 experience points, 1 more was needed to attain level 2. Basics: You had 0 out of 15 hit points. You had 1 out of 1 energy points (spell power). Your armor class was 9. Your wallet contained 17 zorkmids. Autopickup was on for '$!?/"=+' plus thrown, with exceptions. Final Characteristics: Your strength was 12 (limit:18/100). Your dexterity was 12 (limit:20). Your constitution was 12 (limit:20). Your intelligence was 13 (limit:16). Your wisdom was 16 (limit:16). Your charisma was 10 (limit:16). Final Status: You weren't hungry. You were unencumbered. You were wielding a whip. You had basic skill with whip. Final Attributes: You were fervently aligned. You had automatic searching. You had infravision. You are dead. Miscellaneous: You never encountered a bones level. Total elapsed playing time was 2 minutes and 31 seconds. Major events: Turn 1: Raisse the lawful female dwarven Archeologist entered the dungeon 365: entered the Gnomish Mines 441: killed by a giant rat Vanquished creatures: a giant rat a gecko a jackal a kobold 2 grid bugs 2 lichens 3 newts 11 creatures vanquished. No species were genocided or became extinct. Voluntary challenges: You were an atheist. You were illiterate. You never engraved Elbereth. You never genocided any monsters. You never polymorphed an object. You never changed form. You used no wishes. Achievements: You entered a shop. You entered the Gnomish Mines. The Dungeons of Doom: levels 1 to 3 Level 1: Level 2: Level 3: Stairs down to The Gnomish Mines. The Gnomish Mines: Level 4: <- You were here. Final resting place for you, killed by a giant rat. Game over: ---------- / \ / REST \ / IN \ / PEACE \ / \ | Raisse | | 17 Au | | killed by a | | giant rat | | | | | | 2024 | *| * * * | * _________)/\\_//(\/(/\)/\//\/|_)_______ Goodbye Raisse the Archeologist... You died in The Gnomish Mines on dungeon level 4 with 242 points, and 17 pieces of gold, after 441 moves. You were level 1 with a maximum of 15 hit points when you died.